 Dungeon Crawl Stone Soup version 0.23.2-1-ga50397a6bc (webtiles) character file.

Game seed: 12515920141987852131

1516 Ethylacetat the Firebug (level 8, -13/52 HPs)
             Began as a Demonspawn Fire Elementalist on Apr 16, 2019.
             Killed from afar by an acid dragon (14 damage)
             ... with a splash of acid
             ... on level 6 of the Dungeon.
             The game lasted 00:18:51 (4678 turns).

Ethylacetat the Firebug (DsFE)                      Turns: 4678, Time: 00:18:54

Health: -13/52     AC:  5    Str: 14    XL:     8   Next: 54%
Magic:  15/15      EV: 12    Int: 19    God:
Gold:   151        SH:  0    Dex: 13    Spells: 9/17 levels left

rFire    . . .     SeeInvis .   p - staff of energy
rCold    . . .     Gourm    .   (no shield)
rNeg     . . .     Faith    .   a - +0 robe
rPois    .         Spirit   .   (helmet restricted)
rElec    .         Reflect  .   m - +0 cloak
rCorr    .         Harm     .   (no gloves)
MR       .....     Rnd*Tele +   (no boots)
Stlth    ++........             (no amulet)
HPRegen  0.17/turn              l - ring of teleportation (curse)
MPRegen  0.14/turn              (no ring)

@: mighty
A: horns 2, icy blue scales 1, demonic guardian 1
a: no special abilities


You were on level 6 of the Dungeon.
You were not hungry.

You visited 1 branch of the dungeon, and saw 6 of its levels.

You collected 151 gold pieces.

Inventory:

Missiles
 n - 8 curare-tipped needles
Armour
 a - a +0 robe (worn)
 m - a +0 cloak (worn)
Magical Staves
 p - an uncursed staff of energy (weapon)
Jewellery
 l - a cursed ring of teleportation (left hand)
Wands
 w - a wand of clouds (3)
 x - a wand of enslavement (3)
 y - a wand of random effects (22)
 B - a wand of polymorph (5)
Scrolls
 e - a scroll of random uselessness {unknown}
 g - 7 scrolls of identify {unknown}
 h - 6 scrolls of teleportation {unknown}
 i - a scroll of amnesia {unknown}
 o - a scroll of blinking {unknown}
 s - a scroll of enchant weapon {unknown}
 t - a scroll of fog {unknown}
 v - a scroll of remove curse {unknown}
 z - a scroll of enchant armour {unknown}
 A - a scroll of immolation {unknown}
 C - a scroll of magic mapping {unknown}
Potions
 b - a potion of might
 d - a potion of brilliance {unknown}
 f - a potion of mutation {unknown}
 j - a potion of agility {unknown}
 k - 2 potions of ambrosia {unknown}
 q - a potion of lignification {unknown}
 r - 2 potions of curing {unknown}
Comestibles
 c - 16 rations
 u - a chunk of flesh


   Skills:
 - Level 1.7 Dodging
 - Level 1.7 Stealth
 + Level 5.2 Spellcasting
 + Level 5.3 Conjurations
 * Level 7.5 Fire Magic


You had 9 spell levels left.
You knew the following spells:

 Your Spells              Type           Power        Failure   Level  Hunger
a - Flame Tongue          Conj/Fire      ####.        1%          1    None
b - Throw Flame           Conj/Fire      ####..       1%          2    None
c - Fireball              Conj/Fire      ####......   24%         5    None

Your spell library contained the following spells:

 Spells                   Type           Power        Failure   Level  Hunger
 Conjure Flame            Conj/Fire      ####....     2%          3    None
 Inner Flame              Hex/Fire       ###.....     8%          3    None
 Sticky Flame             Conj/Fire      ####....     9%          4    None


Dungeon Overview and Level Annotations

Branches:
Dungeon (6/15)
 Temple: D:4-7

Altars:
Gozag

Shops:
D:4 *   D:5 }


Innate Abilities, Weirdness & Mutations

You have a pair of horns on your head.
You are partially covered in icy blue scales. (AC +2)
A weak demonic guardian rushes to your aid.


Message History

The hound is engulfed in blazing flames.
The hound bites you.
* * * LOW HITPOINT WARNING * * *
The acid dragon is engulfed in blazing flames.
The bullfrog zombie is engulfed in blazing flames.
The bullfrog zombie hits you.
* * * LOW HITPOINT WARNING * * *
It was a potion of might.
You feel very mighty all of a sudden.
You are no longer corroded.
The bullfrog is engulfed in blazing flames.
You kill the bullfrog!
The hound is engulfed in blazing flames.
You kill the hound!
The bullfrog zombie is engulfed in blazing flames.
You destroy the bullfrog zombie!
The jackal skeleton closely misses you.
The acid dragon is engulfed in blazing flames.
The acid dragon spits acid at you. The splash of acid hits you!
You die...

###############$#......
......$..☼............#
.........§.°..........#
..#...#...#...#....>..
#...#Z#.†.#5#§.h.Z...
#...#Z..#.5.#§§§J.#
..............§DoF#
..#...#...#...#§§F#
?#...#.#o..#(#.§@.#
#...#.o.#...#..Z..#
..................#
..#...#...#...#...#
(#.G.#)#...#?#.....
...# ..#..o#....##.
.... ....# )# .# ..#..#
#


You could see an acid dragon, 2 bullfrogs, a howler monkey, a jelly, 2 orcs, 2
jackal skeletons and a friendly white imp.

Vanquished Creatures
  Sigmund (D:5)
  2 slaves (D:5)
  Blork the orc (D:4)
  A bullfrog (D:6)
  2 scorpions
  A howler monkey (D:5)
  A crimson imp (D:4)
  A bullfrog zombie (D:6)
  A bullfrog skeleton (D:4)
  3 jellies (D:5)
  An orc wizard (D:4)
  2 hounds
  Terence (D:3)
  2 iguanas
  4 worker ants
  A hound skeleton (D:4)
  8 adders
  A shadow imp (D:2)
  An ooze (D:3)
  An adder zombie (D:5)
  An adder skeleton (D:5)
  A worm (D:2)
  5 leopard geckos
  4 orcs
  2 bats (D:2)
  9 giant cockroaches
  7 goblins
  5 hobgoblins
  7 jackals
  A quokka (D:6)
  3 ball pythons
  4 frilled lizards
  A jackal skeleton (D:4)
  7 kobolds
  7 rats
100 creatures vanquished.

Vanquished Creatures (collateral kills)
  Pikel (D:5)
  Prince Ribbit (D:5)
  A slave (D:5)
  A bullfrog skeleton (D:3)
  A worker ant (D:6)
  2 orcs
  A giant cockroach (D:6)
  2 jackals (D:6)
10 creatures vanquished.

Grand Total: 110 creatures vanquished

Notes
Turn   | Place    | Note
-------+----------+-------------------------------------------
     0 | D:1      | Ethylacetat the Demonspawn Fire Elementalist began the
                  | quest for the Orb.
     0 | D:1      | Reached XP level 1. HP: 13/13 MP: 3/3
   211 | D:1      | Reached skill level 3 in Fire Magic
   242 | D:1      | Gained mutation: A weak demonic guardian rushes to your
                  | aid. [demonic ancestry]
   242 | D:1      | Reached XP level 2. HP: 17/19 MP: 3/5
   880 | D:2      | Gained mutation: You have a pair of small horns on your
                  | head. [demonic ancestry]
   880 | D:2      | Reached XP level 3. HP: 24/24 MP: 4/6
  1304 | D:2      | Reached XP level 4. HP: 26/30 MP: 3/7
  1541 | D:2      | Found an opulent altar of Gozag.
  1637 | D:3      | Noticed Terence
  1657 | D:3      | Killed Terence
  1657 | D:3      | Reached skill level 4 in Fire Magic
  1758 | D:3      | Reached XP level 5. HP: 35/35 MP: 5/9
  1759 | D:3      | Found an opulent altar of Gozag.
  2448 | D:4      | Learned a level 2 spell: Throw Flame
  2454 | D:4      | Learned a level 5 spell: Fireball
  2487 | D:4      | Noticed Blork the orc
  2517 | D:4      | Killed Blork the orc
  2517 | D:4      | Gained mutation: You have a pair of horns on your head.
                  | [demonic ancestry]
  2517 | D:4      | Reached XP level 6. HP: 13/41 MP: 0/10
  2811 | D:4      | Found Efaod's General Store.
  2818 | D:4      | Reached skill level 5 in Fire Magic
  3657 | D:5      | Entered Level 5 of the Dungeon
  3710 | D:5      | Noticed Prince Ribbit
  3720 | D:5      | Killed Prince Ribbit
  3720 | D:5      | Reached XP level 7. HP: 30/46 MP: 6/13
  3779 | D:5      | Reached skill level 6 in Fire Magic
  3865 | D:5      | Noticed Pikel
  3918 | D:5      | Found Foti's Gadget Emporium.
  4164 | D:5      | Killed Pikel
  4164 | D:5      | Gained mutation: You are partially covered in icy blue
                  | scales. (AC +2) [demonic ancestry]
  4164 | D:5      | Reached XP level 8. HP: 32/52 MP: 6/14
  4462 | D:5      | Noticed Sigmund
  4474 | D:5      | Killed Sigmund
  4474 | D:5      | Reached skill level 5 in Conjurations
  4474 | D:5      | Reached skill level 7 in Fire Magic
  4498 | D:5      | Reached skill level 5 in Spellcasting
  4677 | D:6      | HP: 1/52 [bullfrog zombie (4)]
  4678 | D:6      | Killed from afar by an acid dragon

Skill      XL: |  1  2  3  4  5  6  7  8 |
---------------+-------------------------+-----
Fire Magic     | 3 4 5 6 7 |  7.5
Conjurations   | 2 3 4 5 |  5.3
Spellcasting   | 3 4 5 |  5.2
Dodging        | |  1.7
Stealth        | |  1.7

Action                   |  1- 3 |  4- 6 |  7- 9 || total
-------------------------+-------+-------+-------++-------
Melee: Unarmed           |    32 |     8 |       ||    40
       Headbutt          |     1 |     2 |       ||     3
       Staff             |       |    17 |     1 ||    18
 Cast: Flame Tongue      |    58 |   110 |    70 ||   238
       Throw Flame       |       |     2 |       ||     2
Evoke: Wand              |       |       |     2 ||     2
  Use: Potion            |       |       |     1 ||     1
  Eat: Chunk             |     2 |     7 |     3 ||    12
Armor: Robe              |    15 |     7 |     6 ||    28
Dodge: Dodged            |    55 |    37 |    26 ||   118
